Map: Ley Lines

Players

LiquidMaNa (MaNa)

  • Race: Protoss Protoss
  • League: Grandmaster
  • Spawn Location: 7:00

Reynor - Winner!

  • Race: Zerg Zerg
  • Spawn Location: 1:00

Event: HomeStory Cup XXVI

VOD

Have the link to the VOD?

Description

Time

  • Played on: Nov. 30, 2024, 8:11 a.m.
  • Length: 9:53

All games in this series

Show
View Real Time Build Order
Export as new Build Order

LiquidMaNa Protoss 

Build Orders: 1 Gate Expand, Oracle Opening, Archon Immortal, Archon Drop 

Get SALT Encoding   

  12  0:00  Probe  
  13  0:12  Probe  
  14  0:17  Pylon  
  14  0:24  Probe  
  15  0:32  Probe  
  15  0:40  Probe  
  16  0:44  Gateway  
  17  0:51  Probe  
  17  0:53  Assimilator  
  18  0:59  Probe  
  19  1:07  Probe  
  19  1:17  Probe  
  21  1:31  Nexus  
  21  1:37  Cybernetics Core  
  21  1:40  Probe  
  21  1:46  Assimilator  
  22  1:54  Pylon  
  22  1:55  Probe  
  23  2:09  Probe  
  23  2:14  Adept  
  26  2:17  Probe, Stargate  
  27  2:26  Warp Gate  
  27  2:27  Probe  
  28  2:39  Probe x2  
  28  2:41  Stalker  
  32  2:47  Probe  
  32  2:51  Probe  
  34  2:57  Probe  
  34  3:03  Oracle, Probe  
  39  3:06  Probe  
  39  3:08  Gateway  
  40  3:15  Probe x2  
  40  3:18  Pylon  
  42  3:23  Assimilator  
  42  3:24  Assimilator, Probe  
  43  3:27  Probe  
  43  3:32  Robotics Facility  
  44  3:36  Probe  
  44  3:39  Probe  
  44  3:41  Pylon  
  46  3:48  Probe  
  47  3:51  Probe  
  47  3:52  Twilight Council  
  48  4:00  Probe  
  49  4:04  Gateway  
  49  4:05  Gateway, Probe  
  49  4:09  Warp Prism  
  50  4:12  Probe  
  51  4:17  Adept  
  51  4:21  Probe  
  56  4:28  Templar Archives  
  56  4:29  Probe  
  57  4:36  Pylon  
  57  4:48  Nexus  
  57  4:51  Pylon  
  57  4:53  Probe x2  
  60  5:04  High Templar x2  
  60  5:05  High Templar x2  
  67  5:08  Archon x2  
  67  5:13  Probe x2  
  69  5:14  Observer  
  69  5:18  Forge  
  70  5:21  Shield Battery  
  70  5:25  Probe x2  
  70  5:26  Robotics Facility  
  72  5:32  Pylon  
  72  5:33  Immortal  
  76  5:37  Probe  
  77  5:43  Probe  
  78  5:57  Sentry, Probe  
  78  5:58  Sentry  
  78  5:59  Probe x2  
  85  6:08  Probe x2  
  85  6:11  Pylon  
  85  6:12  Pylon, Immortal  
  85  6:15  Assimilator  
  85  6:16  Assimilator  
  85  6:18  Probe  
  92  6:27  Immortal  
  92  6:28  Probe  
  97  6:34  Protoss Ground Weapons Level 1  
  97  6:35  Charge  
  98  6:40  Probe x2  
  98  6:45  Probe  
  100  6:49  Pylon  
  100  6:51  Immortal  
  100  6:52  Probe x2  
  106  7:02  Zealot x3  
  106  7:03  Zealot  
  106  7:05  Psionic Storm  
  106  7:07  Immortal  
  118  7:11  Observer  
  118  7:20  Pylon  
  118  7:24  Nexus, Pylon  
  118  7:30  Immortal  
  118  7:34  Probe  
  123  7:38  Gateway  
  123  7:40  Gateway  
  123  7:42  Gateway  
  123  7:43  Pylon  
  123  7:47  Immortal  
  123  7:51  High Templar x3  
  131  7:56  High Templar  
  135  8:00  Probe  
  135  8:01  Photon Cannon  
  135  8:02  Photon Cannon  
  135  8:05  Photon Cannon  
  136  8:09  Immortal  
  116  8:26  Immortal  
  105  8:27  Zealot x3  
  100  8:35  Zealot x2  
  100  8:36  Zealot  
  98  8:42  Probe x3  
  98  8:44  Pylon, High Templar  
  98  8:46  Probe  
  95  8:49  Immortal  
  95  8:51  High Templar x2  
  95  8:52  High Templar  
  95  8:54  Probe x2  
  107  8:55  Photon Cannon  
  107  8:57  Shield Battery  
  107  9:06  Zealot x2  
  107  9:07  Zealot  
  107  9:09  Probe x2  
  108  9:18  Zealot  
  110  9:28  High Templar x2  
  110  9:31  Zealot x4  
  126  9:32  Archon  
  126  9:36  Archon  
  122  9:42  Zealot  
Show
View Real Time Build Order
Export as new Build Order

Reynor Zerg - Winner!

Build Orders: Hatch First, Swarm Host 

Get SALT Encoding   

  12  0:00  Drone  
  13  0:12  Overlord  
  13  0:16  Drone  
  14  0:31  Drone  
  15  0:43  Hatchery  
  15  0:46  Drone  
  15  0:50  Drone  
  15  0:54  Drone  
  17  0:57  Drone  
  18  1:08  Drone  
  18  1:09  Extractor  
  18  1:17  Spawning Pool  
  17  1:20  Drone  
  18  1:30  Drone  
  19  1:40  Drone  
  20  1:50  Drone  
  21  1:56  Drone  
  22  2:03  Zergling x2  
  22  2:04  Queen x2  
  22  2:06  Overlord  
  27  2:13  Drone  
  27  2:15  Metabolic Boost  
  28  2:24  Drone x2  
  28  2:27  Overlord  
  30  2:33  Drone  
  31  2:38  Drone  
  32  2:44  Hatchery  
  32  2:46  Drone  
  32  2:51  Queen  
  32  2:55  Drone  
  32  2:57  Drone  
  36  3:00  Drone  
  36  3:05  Overlord  
  37  3:11  Drone x4  
  41  3:18  Queen  
  41  3:19  Drone  
  44  3:22  Overlord  
  44  3:28  Drone  
  44  3:29  Queen  
  44  3:33  Spore Crawler  
  46  3:34  Drone  
  46  3:39  Drone  
  48  3:48  Drone  
  49  3:52  Zergling x4  
  49  3:53  Drone x3  
  54  3:57  Hatchery  
  53  4:03  Evolution Chamber  
  53  4:04  Drone x2  
  53  4:06  Drone  
  53  4:08  Drone  
  53  4:09  Drone  
  57  4:10  Spore Crawler  
  56  4:17  Overlord  
  56  4:19  Drone x2  
  56  4:21  Drone x3  
  61  4:27  Overlord  
  61  4:29  Roach Warren  
  61  4:30  Drone x2  
  62  4:36  Drone x2  
  64  4:42  Zergling x4  
  64  4:44  Overlord  
  66  4:46  Drone x3  
  66  4:47  Extractor  
  67  4:53  Overlord  
  67  4:54  Lair  
  67  4:57  Zergling x6  
  67  4:58  Queen  
  72  5:01  Overlord  
  72  5:11  Overlord  
  70  5:18  Drone  
  70  5:19  Drone x4  
  70  5:20  Drone  
  75  5:21  Extractor  
  75  5:25  Roach x4  
  75  5:27  Overlord  
  82  5:31  Roach x2  
  82  5:33  Zergling x12  
  91  5:38  Overlord  
  91  5:39  Drone  
  91  5:41  Drone x3  
  92  5:43  Zerg Missile Weapons Level 1  
  92  5:48  Drone x2  
  92  5:49  Drone  
  89  5:52  Drone x2  
  89  5:53  Drone  
  89  5:56  Drone, Overlord  
  89  5:57  Drone x2  
  94  5:58  Drone  
  95  6:07  Extractor  
  95  6:08  Drone x4  
  95  6:10  Drone  
  95  6:11  Drone, Queen  
  99  6:16  Extractor  
  101  6:18  Extractor  
  101  6:19  Glial Reconstitution  
  101  6:24  Roach x2  
  101  6:26  Drone x7  
  101  6:29  Overlord  
  107  6:34  Roach x2  
  107  6:35  Roach  
  109  6:41  Overlord  
  109  6:46  Drone x2  
  109  6:47  Queen, Infestation Pit  
  110  6:49  Roach x2  
  110  6:50  Roach x2  
  110  6:53  Overlord  
  123  7:01  Roach x4  
  123  7:02  Roach  
  123  7:04  Overlord  
  129  7:11  Overlord  
  129  7:15  Zergling x16  
  137  7:17  Overlord  
  137  7:27  Overlord  
  137  7:28  Roach x4  
  137  7:29  Ravager x3  
  148  7:30  Ravager  
  148  7:31  Zergling x8  
  148  7:34  Ravager x2  
  155  7:37  Roach  
  155  7:38  Overlord  
  155  7:40  Roach  
  155  7:41  Zergling x6, Roach  
  164  7:44  Unknown, Zergling x6  
  164  7:50  Overlord  
  156  8:22  Swarm Host  
  156  8:23  Swarm Host x7  
  156  8:26  Zergling x18, Roach x2  
  187  8:31  Swarm Host  
  187  8:33  Swarm Host  
  183  8:37  Hatchery  
  167  8:41  Swarm Host x2  
  167  8:43  Zergling x2, Roach x2  
  167  8:44  Zergling x16  
  182  8:49  Swarm Host x2  
  182  8:52  Roach x2  
  185  9:05  Zergling x6, Roach x4  
  187  9:17  Ravager x6  
  187  9:19  Roach x2  
  187  9:20  Zergling x10  
  195  9:25  Roach x3  
Tags
 
Add a new tag
Caveats
  • Supply blocks, unpowered buildings, or Contaminate may cause inaccurate times.
  • Supply counts are checked every 10 seconds.